 Dungeon Crawl Stone Soup version 0.29.1-15-g9cfb28693d (webtiles) character file.

Game seed: 16008819275865235047

16362 donQuojot the Basher (level 12, -3/106 HPs)
             Began as a Minotaur Berserker on Apr 30, 2023.
             Was an Elder of Trog.
             Slain by a slime creature (9 damage)
             ... on level 13 of the Dungeon.
             The game lasted 01:12:40 (14669 turns).

donQuojot the Basher (Minotaur Berserker)          Turns: 14669, Time: 01:12:41

Health: -3/106     AC: 19    Str: 34    XL:     12   Next: 9%
Magic:  20/20      EV: 14    Int:  8    God:    Trog [****..]
Gold:   707        SH:  0    Dex: 16    Spells: 11/11 levels left

rFire   . . .      SeeInvis .   m - +1 morningstar (protect)
rCold   + . .      Faith    .   y - +0 buckler
rNeg    . . .      Spirit   .   a - +5 ring mail of Midsummer {Int+4 Dex+4}
rPois   +          Reflect  +   (helmet restricted)
rElec   .          Harm     .   G - +0 cloak
rCorr   .          Rampage  .   i - +0 pair of gloves
Will    ++...                   l - +2 pair of boots
Stlth   ..........              v - amulet of the Leaf {Reflect rPois Will++ SH+5}
HPRegen 0.27/turn               o - ring "Boxken" {Drain MP+9 Str+6 Dex+3}
MPRegen 0.17/turn               d - ring of protection from cold

@: confused, ambrosia-drunk, on berserk cooldown, slowed, very slow
A: horns 2, retaliatory headbutt
a: Renounce Religion, Berserk, Trog's Hand, Brothers in Arms


You were on level 13 of the Dungeon.
You worshipped Trog.
Trog was greatly pleased with you.
You visited 1 branch of the dungeon, and saw 13 of its levels.

You collected 824 gold pieces.
You spent 117 gold pieces at shops.

Inventory:

Hand Weapons
 m - a +1 morningstar of protection (weapon)
 B - a +1 halberd of freezing
Missiles
 h - 15 poisoned darts
 w - 6 throwing nets
 A - 5 curare-tipped darts (quivered)
Armour
 a - the +5 ring mail of Midsummer (worn) {Int+4 Dex+4}
   (You found it on level 8 of the Dungeon)

   Int:       It affects your intelligence (+4).
   Dex:       It affects your dexterity (+4).
 e - a +1 plate armour
 i - a +0 pair of gloves (worn)
 l - a +2 pair of boots (worn)
 y - a +0 buckler (worn)
 G - a +0 cloak (worn)
Jewellery
 d - a ring of protection from cold (right hand)
 j - an amulet of faith
 o - the ring "Boxken" (left hand) {Drain MP+9 Str+6 Dex+3}
   (You found it on level 4 of the Dungeon)

   [ring of magical power]

   Str:       It affects your strength (+6).
   Dex:       It affects your dexterity (+3).
   MP:        It affects your magic capacity (+9).
   Drain:     It drains your maximum health when unequipped.
 t - a +4 ring of protection
 v - the amulet of the Leaf (around neck) {Reflect rPois Will++ SH+5}
   (You found it on level 7 of the Dungeon)

   [amulet of reflection]

   It reflects blocked missile attacks.
   rPois:     It protects you from poison.
   SH:        It affects your SH (+5).
   Will:      It greatly increases your willpower.
Wands
 q - a wand of flame (44)
 r - a wand of polymorph (3)
 s - a wand of paralysis (6)
Scrolls
 f - 2 scrolls of enchant weapon
 u - 3 scrolls of poison
 E - a scroll of enchant armour
 I - 2 scrolls of identify
Potions
 b - a potion of ambrosia
 c - 2 potions of berserk rage
 g - 3 potions of lignification
 n - a potion of cancellation
 p - a potion of degeneration
 x - a potion of mutation
 z - a potion of experience
 C - 4 potions of haste {unknown}
 F - a potion of attraction {unknown}
 H - a potion of invisibility {unknown}


   Skills:
 + Level 10.1 Fighting
 + Level 6.7(11.2) Axes
 + Level 12.5(13.2) Maces & Flails
 + Level 6.2(7.6) Polearms
 + Level 11.4 Armour
 + Level 6.3 Dodging
 + Level 2.0 Stealth
 + Level 8.5 Shields
 + Level 0.2 Evocations


You had 11 spell levels left.
You didn't know any spells.
Your spell library was empty.

Dungeon Overview and Level Annotations

Branches:
Dungeon (13/15)            Temple (0/1) D:6            Lair (0/5) D:10
    Orc (0/2) D:10
 Vaults: D:13-14

Altars:
Cheibriados
Gozag
Nemelex Xobeh
Qazlal
Sif Muna
Uskayaw
Vehumet
Yredelemnul
The Shining One
Lugonu

Shops:
D:4 [   D:9 !   D:10 (   D:12 [:[:(

Portals:
Abyss: D:7

Annotations:
D:3 3 runed translucent doors, vvl's ghost, weakling DsFi
D:5 3 runed translucent doors, Erymatos's ghost, amateur MiBe
D:8 Gastronok


Innate Abilities, Weirdness & Mutations

You have a pair of horns on your head.
You reflexively headbutt those who attack you in melee.


Message History

* * * LOW HITPOINT WARNING * * *
You block the slime creature's attack. The centaur closely misses you.
You block the centaur's attack. The centaur warrior hits you!
* * * LOW HITPOINT WARNING * * *
The centaur warrior kicks you but does no damage.
The centaur hits you but does no damage.
The centaur kicks you but does no damage.
Things that are here:
a +0 shortbow; a centaur corpse
Okay, then.
You are confused.
You feel invigorated.
The centaur hits you but does no damage.
The centaur kicks you but does no damage.
The centaur closely misses you. x2; The centaur warrior barely misses you.
The centaur warrior kicks you but does no damage.
The gargoyle hits you with a +0 morningstar.
* * * LOW HITPOINT WARNING * * *
The slime creature hits you but does no damage.
The slime creature hits you.
* * * LOW HITPOINT WARNING * * *
The centaur closely misses you. The centaur barely misses you.
The centaur closely misses you. The centaur barely misses you.
The centaur warrior hits you but does no damage.
The centaur warrior misses you.
The centaur warrior attacks as you move away!
The centaur warrior hits you.
* * * LOW HITPOINT WARNING * * *
The centaur warrior closely misses you. The centaur attacks as you move away!
The centaur hits you.
* * * LOW HITPOINT WARNING * * *
The centaur kicks you but does no damage.
The centaur hits you.
* * * LOW HITPOINT WARNING * * *
The centaur kicks you but does no damage.
The slime creature hits you but does no damage.
The centaur misses you.
The centaur kicks you but does no damage.
The slime creature hits you!
You die...

.......#####..........#
#.#######.....#.#......
... #....##........#
....
............######.
.... #..........##
.....
.........)..##.....
.........c.........
.........9cJJ......
........Cc@##....
...........# ....
........#... ...
........... ##
.......##..# ..>....
#.. ....... ... .....
....


You could see 2 slime creatures, a centaur warrior, a cyclops, a gargoyle and 2
centaurs.

Vanquished Creatures
  Jorgrun (D:12)
  Harold (D:9)
  A boulder beetle (D:10)
  3 two-headed ogres
  A manticore (D:12)
  3 slime creatures (D:12)
  Joseph (D:8)
  A komodo dragon (D:12)
  Psyche (D:9)
  A freezing wraith (D:8)
  3 trolls
  3 wraiths (D:8)
  13 yaks
  A vampire (D:10)
  3 wyverns (D:9)
  2 steam dragons
  Menkaure (D:7)
  3 vampire mosquitoes (D:12)
  2 water moccasins
  A swamp drake (D:7)
  7 orc warriors
  4 ice beasts
  3 sky beasts
  2 ogres
  3 centaurs
  A bullfrog (D:7)
  4 kobold brigands
  Blork the orc (D:6)
  6 gnoll sergeants
  3 scorpions
  2 necrophages
  5 wights (D:6)
  An electric eel (D:10)
  4 howler monkeys
  5 jellies
  4 gnoll boudas
  7 orc priests
  8 hounds
  4 iguanas
  10 orc wizards
  39 gnolls
  6 adders
  2 dart slugs
  37 orcs
  A bat (D:3)
  4 endoplasms
  2 giant cockroaches
  9 goblins
  6 hobgoblins
  13 jackals (D:10)
  4 quokkas
  7 ball pythons
  A frilled lizard (D:3)
  12 kobolds
  6 rats
279 creatures vanquished.

Vanquished Creatures (others)
  A kobold demonologist (D:12)
  An unseen horror (D:12)
  A yak (D:9)
  An orc wizard (D:12)
  2 orcs (D:12)
  A fungus (D:3)
  20 plants
27 creatures vanquished.

Grand Total: 306 creatures vanquished

Notes
Turn   | Place    | Note
-------+----------+-------------------------------------------
     0 | D:1      | donQuojot the Minotaur Berserker began the quest for the
                  | Orb.
     0 | D:1      | Reached XP level 1. HP: 19/19 MP: 0/0
   779 | D:1      | Reached XP level 2. HP: 26/27 MP: 1/1
  1257 | D:2      | Reached XP level 3. HP: 33/34 MP: 2/2
  1847 | D:3      | Found a faded altar of an unknown god.
  1901 | D:3      | Found a glowing drain.
  2076 | D:3      | Found a shimmering blue altar of Sif Muna.
  2081 | D:3      | Reached XP level 4. HP: 41/41 MP: 3/3
  2176 | D:3      | Found a runed translucent gate.
  2177 | D:3      | Found a runed translucent gate.
  2177 | D:3      | Found a runed translucent gate.
  2177 | D:3      | Noticed vvl's ghost (weakling DsFi)
  2177 | D:3      | Noticed a kobold brigand
  2299 | D:3      | Reached XP level 5. HP: 45/47 MP: 4/4
  2540 | D:3      | Reached ** piety under Trog
  3206 | D:4      | Found a hide-covered altar of Uskayaw.
  3263 | D:4      | Found Donet's Armour Shop.
  3381 | D:4      | Identified the ring "Boxken" {Drain MP+9 Str+6 Dex+3}
  3853 | D:4      | Found a snail-covered altar of Cheibriados.
  3853 | D:4      | Found an opulent altar of Gozag.
  4097 | D:5      | Entered Level 5 of the Dungeon
  4116 | D:5      | Reached skill level 5 in Fighting
  4116 | D:5      | Reached skill level 5 in Polearms
  4208 | D:5      | Noticed an ice beast
  4213 | D:5      | Reached XP level 6. HP: 56/56 MP: 5/5
  4220 | D:5      | Killed an ice beast
  4221 | D:5      | Reached skill level 5 in Armour
  4286 | D:5      | Found a runed translucent gate.
  4286 | D:5      | Found a runed translucent gate.
  4286 | D:5      | Found a runed translucent gate.
  4288 | D:5      | Found an opulent altar of Gozag.
  4291 | D:5      | Noticed Erymatos's ghost (amateur MiBe)
  4585 | D:5      | Noticed a water moccasin
  4596 | D:5      | Killed a water moccasin
  4597 | D:5      | Reached skill level 1 in Axes
  4597 | D:5      | Reached XP level 7. HP: 61/61 MP: 6/6
  5038 | D:5      | Reached skill level 1 in Stealth
  5297 | D:6      | Noticed Blork the orc
  5308 | D:6      | Killed Blork the orc
  5476 | D:6      | Reached XP level 8. HP: 53/70 MP: 7/7
  5932 | D:6      | Reached *** piety under Trog
  6028 | D:6      | Reached skill level 5 in Axes
  6549 | D:6      | Found a staircase to the Ecumenical Temple.
  6980 | D:7      | Reached skill level 1 in Maces & Flails
  7022 | D:7      | Identified the amulet of the Leaf {Reflect rPois Will++
                  | SH+5}
  7087 | D:7      | Reached skill level 2 in Maces & Flails
  7087 | D:7      | Reached XP level 9. HP: 78/79 MP: 8/8
  7508 | D:7      | Found a one-way gate to the infinite horrors of the Abyss.
  7707 | D:7      | Noticed Menkaure
  7713 | D:7      | Killed Menkaure
  7714 | D:7      | Reached skill level 3 in Maces & Flails
  8095 | D:7      | Found a large runed translucent door.
  8095 | D:7      | Found a large runed translucent door.
  8097 | D:7      | Found a corrupted altar of Lugonu.
  8168 | D:7      | Reached skill level 4 in Maces & Flails
  8528 | D:8      | Noticed a death knight
  8528 | D:8      | Noticed a freezing wraith
  8941 | D:8      | Found a flagged portal.
  8941 | D:8      | Identified the +5 ring mail of Midsummer {Int+4 Dex+4}
  8963 | D:8      | Reached skill level 5 in Maces & Flails
  9181 | D:8      | Killed a freezing wraith
  9193 | D:8      | Reached skill level 6 in Maces & Flails
  9193 | D:8      | Reached skill level 10 in Armour
  9194 | D:8      | Reached skill level 1 in Shields
  9458 | D:8      | Found a sparkling altar of Nemelex Xobeh.
  9490 | D:8      | Noticed Joseph
  9502 | D:8      | Killed Joseph
  9503 | D:8      | Reached skill level 7 in Maces & Flails
  9503 | D:8      | Reached XP level 10. HP: 87/89 MP: 9/9
  9565 | D:8      | Found a radiant altar of Vehumet.
  9820 | D:8      | Noticed Gastronok
 10181 | D:9      | Noticed Psyche
 10196 | D:9      | Reached skill level 8 in Maces & Flails
 10200 | D:9      | Killed Psyche
 10326 | D:9      | Reached skill level 9 in Maces & Flails
 10340 | D:9      | Found Tuti's Distillery.
 10635 | D:9      | Found a stormy altar of Qazlal.
 10751 | D:9      | Noticed Harold
 10760 | D:9      | Killed Harold
 10810 | D:9      | Noticed a two-headed ogre
 10824 | D:9      | Killed a two-headed ogre
 10825 | D:9      | Reached skill level 10 in Maces & Flails
 11079 | D:9      | Reached XP level 11. HP: 93/97 MP: 10/10
 11098 | D:9      | Identified the +2 helmet of the Raven {rC+}
 11334 | D:10     | Entered Level 10 of the Dungeon
 11336 | D:10     | Noticed a two-headed ogre
 11359 | D:9      | Killed a two-headed ogre
 11360 | D:9      | Reached skill level 5 in Dodging
 11704 | D:10     | Reached skill level 11 in Maces & Flails
 11744 | D:10     | Reached skill level 5 in Shields
 11783 | D:10     | Found a staircase to the Lair.
 11909 | D:10     | Found a glowing golden altar of the Shining One.
 11911 | D:10     | Noticed an angel
 11916 | D:10     | Found a basalt altar of Yredelemnul.
 11918 | D:10     | Noticed a profane servitor
 12222 | D:10     | Found Biuvyakh's Antique Weapon Shoppe.
 12473 | D:10     | Reached **** piety under Trog
 12617 | D:10     | Noticed a two-headed ogre
 12629 | D:10     | Killed a two-headed ogre
 12802 | D:10     | Found a staircase to the Orcish Mines.
 13199 | D:10     | Noticed a boulder beetle
 13205 | D:10     | Killed a boulder beetle
 13400 | D:11     | Noticed a boulder beetle
 13425 | D:11     | You fall into a shaft and drop 1 floor!
 13435 | D:12     | Reached skill level 12 in Maces & Flails
 13473 | D:12     | Found Jaegyd's Antique Armour Boutique.
 13489 | D:12     | Reached skill level 10 in Fighting
 13493 | D:12     | Bought a cloak for 117 gold pieces
 13950 | D:12     | Found Nont's Antique Armour Shop.
 13969 | D:12     | Found Ceruasatu's Book Boutique.
 13975 | D:12     | Noticed Jorgrun
 14022 | D:12     | Killed Jorgrun
 14218 | D:12     | Reached XP level 12. HP: 95/106 MP: 11/11
 14260 | D:12     | Found Mitsetya's Antique Weapon Boutique.
 14297 | D:12     | Found Jyririkk's Book Emporium.
 14654 | D:13     | Noticed a centaur warrior
 14669 | D:13     | HP: 4/106 [centaur[a centaur warrior] (3)]
 14669 | D:13     | Slain by a slime creature

Illustrated notes

Levels and vault maps discovered:
D:1:      minmay_arrival_plants_in_alcoves, layout_basic
D:2:      layout_basic, serial_bayou_lagoon_b
D:3:      layout_loops_corners, kennysheep_orc_sif_temple,
          hellmonk_ecumenical_altar_crossroads, gammafunk_ghost_nasty_kobolds,
          portal_sewer_entry_e
D:4:      layout_basic, gammafunk_temple_overflow_pools,
          nicolae_uskayaw_dance_hall, serial_shops, nicolae_shop_statue_plus
D:5:      layout_cave_pools, ebering_ghost_gozag, minmay_door_square,
          minmay_misc_feat_secret_circle
D:6:      layout_rooms, minmay_temple_entry_junction_2, uniq_blork_the_orc
D:7:      due_chaos_kobolds, layout_loops_corners, uniq_menkaure
D:8:      layout_gridville, vehumet_altar_wand_db,
          mainiacjoe_overflow_concentric_impassable, enter_bailey_3,
          kennysheep_generic_room_13, uniq_gastronok, uniq_joseph
D:9:      layout_basic, nicolae_overflow_crystal_walls, serial_shops,
          kennysheep_mini_moat, uniq_psyche, uniq_harold
D:10:     layout_big_octagon, grunt_temple_overflow_holy_war, dpeg_oklobed_lair,
          erik_orc_2, serial_gnoll_camp, gnoll_camp_mini_basic,
          gnoll_camp_huts_basic, gnoll_camp_mini_basic, gnoll_camp_mini_basic,
          gnoll_camp_mini_doghouse, gnoll_camp_mini_doghouse, serial_shops,
          nicolae_shop_overgrown_old_shop, nicolae_zen_rock_garden,
          due_unseen_surprise
D:11:     layout_loops_cross, fountainhead, st_stairs_14, kennysheep_island_fort
D:12:     layout_rooms, serial_shops, nicolae_shop_behind_doors, shop, shop,
          nicolae_shop_hallway_stairs, shop_statue, uniq_jorgrun
D:13:     layout_rooms, erik_vaults_2, serial_glass, glass_columns_b,
          glass_columns_a, serial_shops, nicolae_shop_statue_plus,
          chequers_garden

Skill      XL: |  1  2  3  4  5  6  7  8  9 10 11 12 |
---------------+-------------------------------------+-----
Fighting       | 4 5 6 7 8 9 10 | 10.1
Polearms       | 4 5 6 |  6.2
Armour         | 3 4 6 7 8 10 11 | 11.4
Dodging        | 3 4 6 |  6.3
Axes           | 1 4 6 |  6.7
Stealth        | 1 2 |  2.0
Maces & Flails | 2 7 10 12 | 12.5
Shields        | 1 4 8 |  8.5
Evocations     | |  0.2

Action                   |  1- 3 |  4- 6 |  7- 9 | 10-12 || total
-------------------------+-------+-------+-------+-------++-------
Melee: Spear             |    65 |    61 |       |       ||   126
       Headbutt          |     6 |    12 |    39 |    90 ||   147
       Broad axe         |       |    27 |    83 |       ||   110
       Punch             |       |       |     2 |       ||     2
       Morningstar       |       |       |   112 |   377 ||   489
Invok: Berserk           |     1 |     2 |     6 |    13 ||    22
       Trog's Hand       |       |       |     5 |     4 ||     9
       Brothers in Arms  |       |       |       |     1 ||     1
Evoke: Wand              |       |       |     2 |     4 ||     6
  Use: Scroll            |     7 |     1 |     6 |     8 ||    22
       Potion            |       |       |     5 |     6 ||    11
Armor: Ring mail         |     8 |       |    18 |   299 ||   325
       Animal skin       |     1 |       |       |       ||     1
       Plate armour      |    15 |    62 |   189 |       ||   266
Dodge: Dodged            |    36 |    38 |   149 |   293 ||   516
Block: Buckler           |       |       |    18 |   321 ||   339
       Reflection        |       |       |       |    14 ||    14
